AoeStats
← RedPhosphoru

Arabia

508300408Analyzed
2v2 RM · 10d ago on Sep 21, 2026· 26m 42s· 4 players
Game mode
Random Map
Map size
Medium (4 player)
Population
200
Speed
Normal
Resources
Standard
Victory
Conquest
Starting age
Dark Age
Ending age
Imperial Age
RankedLock teamsTeams togetherTeam positionsShared explorationLock speedFull tech treeHidden civsTurbo modeCheats
Victory
Defeat
🇦🇷 Hindustanis · Argentina
1744
+17
🇦🇷 Jurchens · Argentina
1743
+17
🇺🇸 Koreans · United States
1848
-21
🇵🇪 Magyars · Peru
1668
-13
PWLG | Legend
6:46 Loom
8:51 Feudal Age
10:20 Double-Bit Axe
11:19 Town Watch
19:28 Wheelbarrow
22:06 Castle Age
20:53 Gold Mining
20:46 Horse Collar
22:43 Bloodlines
24:06 Scale Barding Armor
the best BO's
6:17 Loom
8:20 Feudal Age
9:26 Double-Bit Axe
12:01 Forging
15:23 Horse Collar
19:23 Wheelbarrow
21:02 Bloodlines
23:59 Castle Age
23:01 Gold Mining
23:30 Scale Barding Armor
24:00 Light Cavalry
25:01 Chain Barding Armor
24:59 Husbandry
RedPhosphoru
8:27 Loom
10:39 Feudal Age
15:15 Castle Age
ATILA200
5:45 Loom
8:26 Feudal Age
9:10 Double-Bit Axe
11:48 Horse Collar
19:30 Bloodlines
19:47 Scale Barding Armor
22:58 Castle Age
22:45 Gold Mining
23:09 Light Cavalry
24:11 Chain Barding Armor
24:57 Wheelbarrow
Connection lost

Rejoining the realm…

Still unreachable

The connection could not be restored.

Session expired

The server has moved on; the page needs a fresh start.